 Dungeon Crawl Stone Soup version 0.28.0-47-ge53b351184 (webtiles) character file.

Game seed: 10779278854003113478

396 Kenran the Scratcher (level 6, -1/26 HPs)
             Began as a Felid Transmuter on May 3, 2022.
             Succumbed to an adder's poison
             ... on level 5 of the Dungeon.
             The game lasted 00:11:28 (4822 turns).

Kenran the Scratcher (Felid Transmuter)             Turns: 4822, Time: 00:11:29

Health: -1/26      AC:  2    Str:  6    XL:     6   Next: 52%
Magic:  5/10       EV: 18    Int: 15    God:
Gold:   226        SH:  0    Dex: 18    Spells: 1/9 levels left
                                        Lives:  0   Deaths: 1

rFire   . . .      SeeInvis +     - Unarmed
rCold   . . .      Faith    .   (shield unavailable)
rNeg    . . .      Spirit   .   (armour unavailable)
rPois   .          Reflect  .   (helmet unavailable)
rElec   .          Harm     .   (cloak unavailable)
rCorr   .          Rampage  .   (gloves unavailable)
Will    .....                   (boots unavailable)
Stlth   +++.......              (no amulet)
HPRegen 0.08/turn               a - ring of wizardry
MPRegen 0.12/turn               (no ring)

@: lethally poisoned (-1 -> -12), quick
A: very small, claws 1, fangs 3, see invisible, speed 1, shaggy fur 2, stealthy
paws, no weapons or thrown items, no armour, multi-lived
a: no special abilities


You were on level 5 of the Dungeon.
You visited 1 branch of the dungeon, and saw 5 of its levels.

You collected 226 gold pieces.

Inventory:

Jewellery
 a - a ring of wizardry (left paw)
Wands
 k - a wand of digging (5)
 l - a wand of iceblast (3)
Scrolls
 b - a scroll of teleportation
 c - a scroll of fog {unknown}
 d - a scroll of blinking {unknown}
 e - a scroll of enchant weapon {unknown}
 h - a scroll of brand weapon {unknown}
 j - a scroll of immolation {unknown}
Potions
 f - a potion of mutation {unknown}
 i - a potion of brilliance


   Skills:
 - Level 2.0 Fighting
 - Level 3.0 Dodging
 + Level 5.5 Stealth
 - Level 6.0 Unarmed Combat
 + Level 2.4 Spellcasting
 - Level 4.0 Transmutations


You had one spell level left.
You knew the following spells:

 Your Spells              Type           Power      Damage    Failure   Level
a - Beastly Appendage     Tmut           26%        N/A       1%          1
b - Spider Form           Tmut/Pois      7%         N/A       12%         3
c - Ice Form              Ice/Tmut       7%         N/A       34%         4

Your spell library contained the following spells:

 Spells                   Type           Power      Damage    Failure   Level
 Magic Dart               Conj           4%         1d3       9%          1
 Wereblood                Tmut           13%        N/A       2%          2
 Blink                    Tloc           2%         N/A       13%         2
 Call Imp                 Summ           1%         N/A       13%         2
 Corpse Rot               Necr/Air       2%         N/A       13%         2
 Poisonous Vapours        Pois/Air       2%         N/A       13%         2
 Mephitic Cloud           Conj/Pois/Air  1%         N/A       26%         3
 Manifold Assault         Tloc           1%         N/A       90%         5
 Storm Form               Tmut/Air       3%         N/A       100%        7


Dungeon Overview and Level Annotations

Branches:
Dungeon (5/15)
 Temple: D:4-7

Altars:
Xom
Yredelemnul

Shops:
D:1 [   D:2 (

Annotations:
D:4 Menkaure


Innate Abilities, Weirdness & Mutations

You have sharp claws.
You have razor-sharp teeth.
You have supernaturally acute eyesight. (SInv)
You cover ground quickly. (Speed+)
You are covered in thick fur. (AC +2)
Your paws help you pounce on unaware monsters.
You are incapable of wielding weapons or throwing items.
You cannot wear armour.
You gain extra lives every three experience levels.


Message History

You turn into a venomous arachnid creature.
You hit the ogre.
The ogre is poisoned.
The ogre is lightly wounded.
The ogre closely misses you.
You bite the ogre!
The ogre looks as sick as possible!
The ogre is moderately wounded.
The ogre hits you with a +0 giant club!
Ouch! That really hurt!
An adder comes into view.
Your transformation is almost over.
The adder hisses angrily.
You kill the ogre!
Your magical contamination has completely faded away.
Training target 6.0 for Unarmed Combat reached!
Your Stealth skill increases to level 5!
Your Unarmed Combat skill increases to level 6!
You are too injured to fight recklessly!
You closely miss the adder. The adder barely misses you.
You hit the adder.
The adder is poisoned.
The adder is lightly wounded.
The adder bites you.
You are poisoned.
The adder poisons you!
Your transformation has ended.
You feel sick. The adder bites you.
* * * LOW HITPOINT WARNING * * *
You barely miss the adder.
The adder is moderately wounded.
* * * LOW HITPOINT WARNING * * *
You feel sick. The adder misses you. x2
You scratch the adder but do no damage. Your claw misses the adder.
The adder is moderately wounded.
* * * LOW HITPOINT WARNING * * *
You feel sick. The adder bites you.
* * * LOW HITPOINT WARNING * * *
You are more poisoned.
The adder poisons you!
You barely miss the adder.
The adder is heavily wounded.
You die...

.......'....................
......##.........###.#......#####
......##.........# #.#$###.....)#
.................###.#.###......#
..#..###........................<
.....# #.........###.#.###......#
...........##+##.# #.........<...
.....#####.# #.# #.#.###.......
... #@# #...# #.......
#.#.##S###)..# #.......
..............# ########
#.......................
#....##.......########## #....
#.......# #... #.......# ...
........# ... ...........


You could see an adder (very poisoned).

Vanquished Creatures
  2 ogres (D:5)
  A water moccasin zombie (D:5)
  4 crimson imps (D:4)
  2 bullfrog zombies (D:5)
  Jessica (D:3)
  Terence (D:3)
  3 adders
  An ufetubus (D:5)
  2 adder skeletons (D:4)
  A worm (D:2)
  3 dart slugs
  7 orcs
  4 endoplasms
  2 giant cockroaches
  4 hobgoblins
  14 jackals
  4 quokkas
  7 ball pythons
  7 bats
  4 frilled lizards
  6 goblins
  2 kobolds
  7 rats
89 creatures vanquished.

Notes
Turn   | Place    | Note
-------+----------+-------------------------------------------
     0 | D:1      | Kenran the Felid Transmuter began the quest for the Orb.
     0 | D:1      | Reached XP level 1. HP: 9/9 MP: 4/4
    96 | D:1      | Found Nolicum's Armour Shoppe.
   177 | D:1      | Reached skill level 1 in Stealth
   179 | D:1      | Reached XP level 2. HP: 8/12 MP: 6/6
   945 | D:1      | Reached XP level 3. HP: 11/15 MP: 7/7
  1593 | D:2      | Found Neile's Weapon Shop.
  1609 | D:2      | Found a basalt altar of Yredelemnul.
  1966 | D:2      | Reached skill level 4 in Unarmed Combat
  2182 | D:2      | Reached XP level 4. HP: 19/19 MP: 8/8
  2501 | D:3      | Learned a level 3 spell: Spider Form
  2751 | D:3      | Noticed Terence
  2776 | D:3      | Killed Terence
  3237 | D:3      | Noticed Jessica
  3252 | D:3      | Killed Jessica
  3253 | D:3      | Reached XP level 5. HP: 16/22 MP: 2/9
  3538 | D:4      | Noticed Menkaure
  3776 | D:4      | Found a shimmering altar of Xom.
  3813 | D:4      | Reached skill level 5 in Unarmed Combat
  3815 | D:4      | Gained mutation: You are covered in thick fur. (AC +2)
                  | [Felid growth]
  3815 | D:4      | Reached XP level 6. HP: 21/26 MP: 6/10
  4440 | D:5      | Entered Level 5 of the Dungeon
  4492 | D:5      | Learned a level 4 spell: Ice Form
  4529 | D:5      | Noticed a water moccasin
  4537 | D:5      | Succumbed to a water moccasin's poison
  4538 | D:5      | Reached XP level 5. HP: -2/22 MP: 8/9
  4604 | D:5      | Reached XP level 6. HP: 10/26 MP: 10/10
  4815 | D:5      | Reached skill level 5 in Stealth
  4815 | D:5      | Reached skill level 6 in Unarmed Combat
  4821 | D:5      | HP: 1/26 [adder (3)]
  4822 | D:5      | Succumbed to an adder's poison

Illustrated notes

Levels and vault maps discovered:
D:1:      dpeg_arrival_tiny_a, layout_basic, serial_shops, nicolae_shop_crystal,
          hangedman_feature_mirror, kennysheep_small_spiral
D:2:      layout_basic, serial_shops, shop, basic_altar, minmay_misc_feat_tower,
          roderic_malta_cross
D:3:      layout_rooms, minmay_hedge_maze, grunt_ministairs_7,
          hangedman_glass_teeth, uniq_jessica, uniq_terence
D:4:      layout_basic, led_xom_imps, uniq_menkaure
D:5:      layout_basic, gammafunk_ghost_necromancy

Skill      XL: |  1  2  3  4  5  6 |
---------------+-------------------+-----
Stealth        | 1 2 3 5 |  5.5
Dodging        | 3 |  3.0
Unarmed Combat | 4 5 6 |  6.0
Fighting       | 2 |  2.0
Transmutations | 3 4 |  4.0
Spellcasting   | |  2.4

Action                   |  1- 3 |  4- 6 || total
-------------------------+-------+-------++-------
Melee: Unarmed           |   113 |   157 ||   270
       Headbutt          |    12 |     1 ||    13
       Bite              |    11 |    12 ||    23
       Punch             |       |     3 ||     3
 Cast: Beastly Appendage |    16 |     7 ||    23
       Spider Form       |       |     8 ||     8
 Abil: End Transformatio |       |     1 ||     1
  Use: Scroll            |       |     2 ||     2
       Potion            |       |     5 ||     5
 Stab: Sleeping          |     4 |    11 ||    15
       Distracted        |     1 |       ||     1
Armor: Skin              |     5 |     6 ||    11
Dodge: Dodged            |   103 |   112 ||   215
